 Dungeon Crawl Stone Soup version 0.14-a0-1663-g0b35444 (webtiles) character file.

556 Nicoed the Chopper (level 6, -2/56 HPs)
             Began as a Minotaur Berserker on Dec 29, 2013.
             Was a Priest of Trog.
             Slain by Pikel
             ... wielding a +0,+0 whip of electrocution
              (17 damage)
             ... on Level 3 of the Dungeon.
             The game lasted 00:23:10 (4274 turns).

Nicoed the Chopper (Minotaur Berserker)             Turns: 4274, Time: 00:23:10

HP  -2/56        AC  9     Str 29      XL: 6   Next: 43%
MP   3/3         EV 18     Int  4      God: Trog [***...]
Gold 183         SH  0     Dex 13 (16) Spells:  0 memorised,  5 levels left

rFire  x . .     SeeInvis .     m - -1,+1 orc battleaxe
rCold  + . .     Clarity  .     j - +2 leather armour
rNeg   . . .     Conserve .     (no shield)
rPois  +         rCorr    .     (helmet restricted)
rElec  .         rRot     .     (no cloak)
SustAb . .       Spirit   .     s - +1 pair of dwarf gloves
rMut   .         Warding  .     b - +0 pair of boots
Saprov . . .     Stasis   .     (no amulet)
                                u - ring of poison resistance {unknown}
                                f - ring of ice

@: mighty, agile, slightly resistant to hostile enchantments, fairly stealthy
A: retaliatory headbutt, horns 2, agile 1, carnivore 1, slow metabolism 1
a: Burn Spellbooks, Berserk, Trog's Hand, Renounce Religion


You were on level 3 of the Dungeon.
You worshipped Trog.
Trog was most pleased with you.
You were not hungry.

You visited 1 branch of the dungeon, and saw 4 of its levels.

You collected 183 gold pieces.

Inventory:

Hand weapons
 m - a -1,+1 orcish battleaxe (weapon)
Armour
 b - a +0 pair of boots (worn)
 j - a +2 leather armour (worn)
 s - a +1 pair of dwarven gloves (worn)
Magical devices
 i - a wand of slowing (4)
Comestibles
 c - a bread ration
 t - a choko
Scrolls
 d - a scroll of blinking
 h - a scroll of immolation {unknown}
 k - a scroll of amnesia {unknown}
 l - a scroll of random uselessness
 n - 2 scrolls of identify
 p - a scroll of noise {unknown}
 v - a scroll of curse armour {unknown}
 w - 2 scrolls of remove curse {unknown}
 y - a scroll of recharging {unknown}
 z - a scroll of magic mapping {unknown}
 A - a scroll of fear {unknown}
Jewellery
 f - a ring of ice (left hand)
 u - a ring of poison resistance (right hand) {unknown}
Books
 a - a book of the Warp

   Spells                             Type                      Level
   Recall                             Summoning/Translocation      3
   Control Teleport                   Charms/Translocation         4
   Phase Shift                        Translocation                5
   Warp Weapon                        Charms/Translocation         5
   Dispersal                          Translocation                6
   Controlled Blink                   Translocation                7
   Disjunction                        Translocation                8
   Trog disapproves of the use of such an item.
 q - a book of Frost

   Spells                             Type                      Level
   Freeze                             Ice                          1
   Throw Frost                        Conjuration/Ice              2
   Ozocubu's Armour                   Charms/Ice                   3
   Throw Icicle                       Conjuration/Ice              4
   Summon Ice Beast                   Ice/Summoning                4
   Condensation Shield                Ice                          4
   Trog disapproves of the use of such an item.


   Skills:
 + Level 5.0 Fighting
 + Level 5.5 Axes
 + Level 4.1 Armour
 + Level 4.6 Dodging
 + Level 0.6 Stealth


You had 5 spell levels left.
You didn't know any spells.

Dungeon Overview and Level Annotations

Branches:
Dungeon (4/16)
 Temple: D:4-7

Altars:
Sif Muna
Xom
Zin

Annotations:
D:3 Pikel


Innate Abilities, Weirdness & Mutations

You reflexively headbutt those who attack you in melee.
You have a pair of horns on your head.
You are agile. (Dex +2)
Your digestive system is specialised to digest meat.
You have a slow metabolism.


Message History

You slice the slave!!
You kill the slave!
That felt strangely unrewarding.
Pikel closely misses you.
Your magical contamination has completely faded away.
You barely miss Pikel.
Pikel is lightly wounded.
Pikel barely misses you.
You slice the slave!!
The slave is severely wounded.
You closely miss Pikel. You headbutt Pikel!
Pikel is heavily wounded.
The slave hits you but does no damage. Pikel hits you but does no damage.
You are electrocuted!
* * * LOW HITPOINT WARNING * * *
You feel better. The slave hits you.
* * * LOW HITPOINT WARNING * * *
Pikel closely misses you.
You feel better. The slave closely misses you.
Pikel hits you but does no damage.
You are electrocuted!
You die...

#........##.........####.......
#........#####+###### #.......
#........# #.## #######'
####.##### #..## #.. #..# ##..##
#.# ######'#### ##..# ##+#
#....)....########'## #...
#.........##........# #######...
#.............K@....# #.....'...
#..^......#[..@.....###.#####...
#...>.....#.........'...# #.<.
#.........#........<##### #...
#.........##........# ####
#####'########'###### #. #8...8#
#.....## ##. #.....# #####..#
#.. ###...# ########'### ##.#


You could see Pikel and a slave.

Vanquished Creatures
  2 slaves (D:3)
  An ogre (D:4)
  Blork the orc (D:4)
  A worker ant (D:4)
  A scorpion (D:4)
  11 adders
  A giant mite (D:2)
  A worm (D:3)
  6 giant geckos
  An orc (D:2)
  2 ball pythons (D:2)
  3 bats
  A giant cockroach (D:2)
  9 goblins
  12 hobgoblins
  6 kobolds
  A giant newt (D:3)
  An orc skeleton (D:4)
  7 rats
68 creatures vanquished.

Vanquished Creatures (others)
  A giant cockroach (D:2)
1 creature vanquished.

Grand Total: 69 creatures vanquished

Notes
Turn   | Place    | Note
--------------------------------------------------------------
     0 | D:1      | Nicoed, the Minotaur Berserker, began the quest for the Orb.
     0 | D:1      | Reached XP level 1. HP: 19/19 MP: 1/1
   365 | D:1      | Reached XP level 2. HP: 9/27 MP: 1/1
   645 | D:1      | Reached skill level 4 in Axes
  1337 | D:2      | Reached XP level 3. HP: 25/33 MP: 2/2
  1594 | D:2      | Acquired Trog's second power
  1783 | D:2      | Reached XP level 4. HP: 32/40 MP: 2/2
  1886 | D:2      | Found a deep blue altar of Sif Muna.
  1905 | D:2      | Reached skill level 5 in Axes
  2049 | D:2      | Found a shimmering altar of Xom.
  2705 | D:3      | Reached XP level 5. HP: 47/47 MP: 2/2
  3034 | D:3      | Found a glowing silver altar of Zin.
  3034 | D:3      | Noticed an angel
  3276 | D:4      | Noticed Blork the orc
  3296 | D:4      | Gained mutation: Your digestive system is specialised to digest meat. [potion of mutation]
  3296 | D:4      | Gained mutation: You are agile. (Dex +2) [potion of mutation]
  3296 | D:4      | Gained mutation: You have a slow metabolism. [potion of mutation]
  3299 | D:4      | Killed Blork the orc
  3477 | D:4      | Reached XP level 6. HP: 47/55 MP: 3/3
  3948 | D:4      | Noticed an ogre
  3958 | D:4      | Killed an ogre
  3958 | D:4      | Reached skill level 5 in Fighting
  3980 | D:4      | Noticed a slave
  3983 | D:4      | Noticed Pikel
  3983 | D:4      | Noticed a slave
  3983 | D:4      | Noticed a slave
  3984 | D:4      | Noticed a slave
  4005 | D:3      | Killed a slave
  4266 | D:3      | Killed a slave
  4272 | D:3      | HP: 2/56 [Pikel/whip of electrocution (17)]
  4274 | D:3      | Slain by Pikel

Action                   |  1- 3 |  4- 6 || total
-------------------------+-------+-------++-------
Melee: Hand axe          |    61 |       ||    61
       War axe           |     4 |    69 ||    73
       Battleaxe         |       |    20 ||    20
Evoke: Wand              |       |     1 ||     1
  Use: Scroll            |       |     6 ||     6
       Potion            |       |    12 ||    12
